 Dungeon Crawl Stone Soup version 0.29-a0-845-g6161e89988 (webtiles) character file.

Game seed: 309455914148148982

196 Armakuni the Ruffian (level 5, 0/53 HPs)
             Began as a Troll Transmuter on July 15, 2022.
             Slain by Blork the orc
             ... wielding a +2 war axe of freezing
              (3 damage)
             ... on level 5 of the Dungeon.
             The game lasted 00:06:54 (3507 turns).

Armakuni the Ruffian (Troll Transmuter)             Turns: 3507, Time: 00:06:55

Health: 0/53       AC:  5    Str: 18    XL:     5   Next: 46%
Magic:  5/5        EV:  9    Int: 11    God:
Gold:   988        SH:  0    Dex: 10    Spells: 3/6 levels left

rFire   . . .      SeeInvis .     - Unarmed
rCold   . . .      Faith    .   (no shield)
rNeg    . . .      Spirit   .   a - +1 robe
rPois   .          Reflect  .   (helmet restricted)
rElec   .          Harm     .   (no cloak)
rCorr   +          Rampage  .   (gloves unavailable)
Will    .....                   (boots unavailable)
Stlth   +.........              A - amulet of Aczo {Acrobat rCorr}
HPRegen 0.97/turn               (no ring)
MPRegen 0.09/turn               (no ring)

@: no status effects
A: large, unfitting armour, claws 3, regeneration 1, shaggy fur 1, tough skin 1
a: no special abilities


You were on level 5 of the Dungeon.
You visited 1 branch of the dungeon, and saw 5 of its levels.

You collected 988 gold pieces.

Inventory:

Missiles
 c - 4 poisoned darts
 j - 6 boomerangs
Armour
 a - a +1 robe (worn)
Jewellery
 A - the amulet of Aczo (around neck) {Acrobat rCorr}
   (You found it on level 2 of the Dungeon)

   [amulet of the acrobat]

   It increases your evasion while moving and waiting.
   rCorr:     It protects you from acid and corrosion.
Scrolls
 d - a scroll of acquirement
 h - 3 scrolls of identify {unknown}
 i - 2 scrolls of teleportation
 k - 4 scrolls of enchant weapon {unknown}
 n - a scroll of silence {unknown}
 p - a scroll of fear {unknown}
 r - a scroll of noise {unknown}
 s - a scroll of blinking {unknown}
Potions
 b - a potion of lignification
 e - 3 potions of curing
 f - 2 potions of brilliance {unknown}
 g - a potion of haste {unknown}
 l - a potion of heal wounds {unknown}
 m - 2 potions of mutation {unknown}
 o - a potion of cancellation {unknown}
 q - a potion of resistance {unknown}


   Skills:
 + Level 3.1 Fighting
 - Level 1.5 Dodging
 + Level 4.9 Unarmed Combat
 - Level 1.2 Spellcasting
 - Level 1.3 Transmutations


You had 3 spell levels left.
You knew the following spells:

 Your Spells              Type           Power      Damage    Failure   Level
a - Beastly Appendage     Tmut           6%         N/A       19%         1
w - Wereblood             Tmut           3%         N/A       26%         2

Your spell library contained the following spells:

 Spells                   Type           Power      Damage    Failure   Level
 Summon Small Mammal      Summ           0%         N/A       32%         1
 Ensorcelled Hibernation  Hex/Ice        0%         N/A       43%         2
 Spider Form              Tmut/Pois      2%         N/A       56%         3
 Call Canine Familiar     Summ           0%         N/A       67%         3
 Summon Guardian Golem    Hex/Summ       0%         N/A       67%         3
 Ice Form                 Ice/Tmut       2%         N/A       93%         4
 Anguish                  Hex/Necr       0%         N/A       97%         4
 Leda's Liquefaction      Hex/Erth       0%         N/A       97%         4
 Lee's Rapid Deconstruct  Erth           0%         3d5*      100%        5
 Statue Form              Tmut/Erth      1%         N/A       100%        6


Dungeon Overview and Level Annotations

Branches:
Dungeon (5/15)
 Temple: D:4-7

Altars:
Ru
Uskayaw

Annotations:
D:5 Blork the orc


Innate Abilities, Weirdness & Mutations

You are too large for most types of armour.
You have claws for hands.
Your natural rate of healing is unusually fast.
You are covered in fur. (AC +1)
You have tough skin. (AC +1)


Message History

Blork the orc is moderately wounded.
Blork the orc gestures wildly while chanting.
Blork the orc seems to speed up.
You barely miss Blork the orc.
Blork the orc is moderately wounded.
Blork the orc closely misses you.
You closely miss Blork the orc.
Blork the orc is moderately wounded.
Blork the orc barely misses you. Blork the orc casts a spell at you.
The magic dart hits you!
Okay, then.
Okay, then.
You claw Blork the orc!
Blork the orc is heavily wounded.
Blork the orc hits you with a +2 war axe of freezing!
Blork the orc freezes you.
You claw Blork the orc!
Blork the orc is severely wounded.
Blork the orc looks encouraged for a moment.
Blork the orc drinks a potion.
Blork the orc is healed!
You scratch Blork the orc but do no damage.
Blork the orc is heavily wounded.
Blork the orc frowns.
Blork the orc hits you with a +2 war axe of freezing!
* * * LOW HITPOINT WARNING * * *
Blork the orc freezes you.
* * * LOW HITPOINT WARNING * * *
You claw Blork the orc!
Blork the orc is severely wounded.
Blork the orc completely misses you.
You scratch Blork the orc.
Blork the orc is almost dead.
Blork the orc casts a spell at you. The puff of frost hits you.
* * * LOW HITPOINT WARNING * * *
Blork the orc hits you with a +2 war axe of freezing.
* * * LOW HITPOINT WARNING * * *
Blork the orc freezes you.
You die...

............#
.#..........).#
..............###
.....=..........#
......$.........#
.............)..#
[...............#
?........<......#
.......@.....>).#
.$....o.........#
................#
...#............#
.. #............#
. #............#
.##...###.#### ..
#.... ..


You could see Blork the orc (fast).

Vanquished Creatures
  A hound (D:4)
  A jelly (D:4)
  An iguana (D:4)
  3 adders
  A gnoll (D:3)
  2 worms (D:2)
  3 dart slugs
  2 orcs (D:3)
  8 ball pythons
  4 bats
  8 endoplasms
  5 giant cockroaches
  2 hobgoblins (D:1)
  3 quokkas
  2 frilled lizards
  5 goblins
  6 kobolds
  11 rats
68 creatures vanquished.

Notes
Turn   | Place    | Note
-------+----------+-------------------------------------------
     0 | D:1      | Armakuni the Troll Transmuter began the quest for the Orb.
     0 | D:1      | Reached XP level 1. HP: 18/18 MP: 1/1
    47 | D:1      | Reached skill level 1 in Fighting
   117 | D:1      | Reached XP level 2. HP: 27/27 MP: 2/2
   633 | D:1      | Learned a level 2 spell: Wereblood
   976 | D:2      | Reached XP level 3. HP: 23/35 MP: 3/3
  1399 | D:2      | Identified the amulet of Aczo {Acrobat rCorr}
  1453 | D:2      | Reached skill level 4 in Unarmed Combat
  1509 | D:2      | Found a faded altar of an unknown god.
  1765 | D:3      | Identified 2 scrolls of acquirement
  1765 | D:3      | Acquired 785 gold pieces
  1799 | D:3      | Reached XP level 4. HP: 42/42 MP: 4/4
  2753 | D:4      | Reached XP level 5. HP: 53/53 MP: 5/5
  2760 | D:4      | Found a hide-covered altar of Uskayaw.
  2760 | D:4      | Noticed a +0 hand axe
  2760 | D:4      | Noticed a +0 hand axe
  3271 | D:4      | Found a sacrificial altar of Ru.
  3492 | D:5      | Entered Level 5 of the Dungeon
  3492 | D:5      | Noticed Blork the orc
  3507 | D:5      | Slain by Blork the orc

Illustrated notes

Levels and vault maps discovered:
D:1:      nzn_arrival_depleted_hourglass, layout_basic
D:2:      mumra_celtic_spiral_tile, layout_basic,
          shapermc_ecumenical_altar_mp_highgroup, eino_curves_04
D:3:      wander_river, layout_loops_cross, st_stairs_5,
          chequers_serial_rivers_large_b, chequers_mini_garden
D:4:      layout_loops_corners, mainiacjoe_overflow_alcove_1,
          dancing_weapons_uskayaw, amethyst_killhole
D:5:      layout_rooms, mainiacjoe_overflow_six_doors_small,
          amethyst_overflow_temple_binary, minmay_temple_entry_junction_2,
          serial_shops, kennysheep_mini_moat, portal_sewer_entry_b,
          uniq_blork_the_orc

Skill      XL: |  1  2  3  4 |
---------------+-------------+-----
Fighting       | 1 2 3 |  3.1
Unarmed Combat | 4 |  4.9
Dodging        | |  1.5
Spellcasting   | |  1.2
Transmutations | |  1.3

Action                   |  1- 3 |  4- 6 || total
-------------------------+-------+-------++-------
Melee: Unarmed           |   107 |    86 ||   193
       Punch             |     1 |     1 ||     2
  Use: Scroll            |     4 |       ||     4
Armor: Robe              |    45 |    27 ||    72
Dodge: Dodged            |    38 |    45 ||    83

Table legend: (Time is in decaauts)
 A = Elapsed time spent in this place.
 B = Non-inter-level travel time spent in this place.
 C = Inter-level travel time spent in this place.
 D = Time resting spent in this place.
 E = Time spent auto-exploring this place.
 F = Levels seen in this place.
 G = Mean time per level.
                   A        B        C        D        E       F      G
               +--------+--------+--------+--------+--------+-----+--------+
         Total |   3534 |   3328 |    206 |     48 |   2733 |   5 |  706.8 |
       Dungeon |   3534 |   3328 |    206 |     48 |   2733 |   5 |  706.8 |
               +--------+--------+--------+--------+--------+-----+--------+

Top non-repeatable levels by time:
     D:4: 975 daAuts
     D:2: 885 daAuts
     D:1: 841 daAuts
     D:3: 818 daAuts
     D:5: 13 daAuts
